%YAML 1.1
%TAG !u! tag:unity3d.com,2011:
--- !u!29 &1
OcclusionCullingSettings:
  m_ObjectHideFlags: 0
  serializedVersion: 2
  m_OcclusionBakeSettings:
    smallestOccluder: 5
    smallestHole: 0.25
    backfaceThreshold: 100
  m_SceneGUID: 00000000000000000000000000000000
  m_OcclusionCullingData: {fileID: 0}
--- !u!104 &2
RenderSettings:
  m_ObjectHideFlags: 0
  serializedVersion: 7
  m_Fog: 0
  m_FogColor: {r: 0.5, g: 0.5, b: 0.5, a: 1}
  m_FogMode: 3
  m_FogDensity: 0.01
  m_LinearFogStart: 0
  m_LinearFogEnd: 300
  m_AmbientSkyColor: {r: 0.212, g: 0.227, b: 0.259, a: 1}
  m_AmbientEquatorColor: {r: 0.114, g: 0.125, b: 0.133, a: 1}
  m_AmbientGroundColor: {r: 0.047, g: 0.043, b: 0.035, a: 1}
  m_AmbientIntensity: 1
  m_AmbientMode: 0
  m_SkyboxMaterial: {fileID: 10304, guid: 0000000000000000f000000000000000, type: 0}
  m_HaloStrength: 0.5
  m_FlareStrength: 1
  m_FlareFadeSpeed: 3
  m_HaloTexture: {fileID: 0}
  m_SpotCookie: {fileID: 10001, guid: 0000000000000000e000000000000000, type: 0}
  m_DefaultReflectionMode: 0
  m_DefaultReflectionResolution: 128
  m_ReflectionBounces: 1
  m_ReflectionIntensity: 1
  m_CustomReflection: {fileID: 0}
  m_Sun: {fileID: 0}
  m_IndirectSpecularColor: {r: 0, g: 0, b: 0, a: 1}
--- !u!157 &3
LightmapSettings:
  m_ObjectHideFlags: 0
  serializedVersion: 7
  m_GIWorkflowMode: 0
  m_GISettings:
    serializedVersion: 2
    m_BounceScale: 1
    m_IndirectOutputScale: 1
    m_AlbedoBoost: 1
    m_TemporalCoherenceThreshold: 1
    m_EnvironmentLightingMode: 0
    m_EnableBakedLightmaps: 1
    m_EnableRealtimeLightmaps: 1
  m_LightmapEditorSettings:
    serializedVersion: 4
    m_Resolution: 2
    m_BakeResolution: 40
    m_TextureWidth: 1024
    m_TextureHeight: 1024
    m_AO: 0
    m_AOMaxDistance: 1
    m_CompAOExponent: 0
    m_CompAOExponentDirect: 0
    m_Padding: 2
    m_LightmapParameters: {fileID: 0}
    m_LightmapsBakeMode: 1
    m_TextureCompression: 1
    m_DirectLightInLightProbes: 1
    m_FinalGather: 0
    m_FinalGatherFiltering: 1
    m_FinalGatherRayCount: 1024
    m_ReflectionCompression: 2
  m_LightingDataAsset: {fileID: 0}
  m_RuntimeCPUUsage: 25
--- !u!196 &4
NavMeshSettings:
  serializedVersion: 2
  m_ObjectHideFlags: 0
  m_BuildSettings:
    serializedVersion: 2
    agentTypeID: 0
    agentRadius: 0.5
    agentHeight: 2
    agentSlope: 45
    agentClimb: 0.4
    ledgeDropHeight: 0
    maxJumpAcrossDistance: 0
    minRegionArea: 2
    manualCellSize: 0
    cellSize: 0.16666667
    accuratePlacement: 0
  m_NavMeshData: {fileID: 0}
--- !u!1 &159600168
GameObject:
  m_ObjectHideFlags: 0
  m_PrefabParentObject: {fileID: 146268, guid: 282acde1ec2fce44ab4d78f7b5a28add, type: 2}
  m_PrefabInternal: {fileID: 2116871286}
  serializedVersion: 5
  m_Component:
  - component: {fileID: 159600169}
  - component: {fileID: 159600172}
  - component: {fileID: 159600171}
  - component: {fileID: 159600170}
  m_Layer: 0
  m_Name: Cube1
  m_TagString: Untagged
  m_Icon: {fileID: 0}
  m_NavMeshLayer: 0
  m_StaticEditorFlags: 0
  m_IsActive: 1
--- !u!4 &159600169
Transform:
  m_ObjectHideFlags: 0
  m_PrefabParentObject: {fileID: 431806, guid: 282acde1ec2fce44ab4d78f7b5a28add, type: 2}
  m_PrefabInternal: {fileID: 2116871286}
  m_GameObject: {fileID: 159600168}
  m_LocalRotation: {x: 0, y: 0.23514302, z: 0, w: 0.97196084}
  m_LocalPosition: {x: 0, y: 2.57, z: 0}
  m_LocalScale: {x: 1.5, y: 1.5, z: 1.5}
  m_Children: []
  m_Father: {fileID: 709966517}
  m_RootOrder: 1
  m_LocalEulerAnglesHint: {x: 0, y: 27.2001, z: 0}
--- !u!23 &159600170
MeshRenderer:
  m_ObjectHideFlags: 0
  m_PrefabParentObject: {fileID: 2315140, guid: 282acde1ec2fce44ab4d78f7b5a28add,
    type: 2}
  m_PrefabInternal: {fileID: 2116871286}
  m_GameObject: {fileID: 159600168}
  m_Enabled: 1
  m_CastShadows: 1
  m_ReceiveShadows: 1
  m_MotionVectors: 1
  m_LightProbeUsage: 1
  m_ReflectionProbeUsage: 1
  m_Materials:
  - {fileID: 2100000, guid: c5ecf711475aa7047a0d0a381d3f7a5f, type: 2}
  m_StaticBatchInfo:
    firstSubMesh: 0
    subMeshCount: 0
  m_StaticBatchRoot: {fileID: 0}
  m_ProbeAnchor: {fileID: 0}
  m_LightProbeVolumeOverride: {fileID: 0}
  m_ScaleInLightmap: 1
  m_PreserveUVs: 1
  m_IgnoreNormalsForChartDetection: 0
  m_ImportantGI: 0
  m_SelectedEditorRenderState: 3
  m_MinimumChartSize: 4
  m_AutoUVMaxDistance: 0.5
  m_AutoUVMaxAngle: 89
  m_LightmapParameters: {fileID: 0}
  m_SortingLayerID: 0
  m_SortingOrder: 0
--- !u!65 &159600171
BoxCollider:
  m_ObjectHideFlags: 0
  m_PrefabParentObject: {fileID: 6515860, guid: 282acde1ec2fce44ab4d78f7b5a28add,
    type: 2}
  m_PrefabInternal: {fileID: 2116871286}
  m_GameObject: {fileID: 159600168}
  m_Material: {fileID: 0}
  m_IsTrigger: 0
  m_Enabled: 1
  serializedVersion: 2
  m_Size: {x: 1, y: 1, z: 1}
  m_Center: {x: 0, y: 0, z: 0}
--- !u!33 &159600172
MeshFilter:
  m_ObjectHideFlags: 0
  m_PrefabParentObject: {fileID: 3360850, guid: 282acde1ec2fce44ab4d78f7b5a28add,
    type: 2}
  m_PrefabInternal: {fileID: 2116871286}
  m_GameObject: {fileID: 159600168}
  m_Mesh: {fileID: 10202, guid: 0000000000000000e000000000000000, type: 0}
--- !u!1 &179752202
GameObject:
  m_ObjectHideFlags: 0
  m_PrefabParentObject: {fileID: 121974, guid: 282acde1ec2fce44ab4d78f7b5a28add, type: 2}
  m_PrefabInternal: {fileID: 2116871286}
  serializedVersion: 5
  m_Component:
  - component: {fileID: 179752203}
  - component: {fileID: 179752204}
  m_Layer: 0
  m_Name: PointLight0
  m_TagString: Untagged
  m_Icon: {fileID: 0}
  m_NavMeshLayer: 0
  m_StaticEditorFlags: 0
  m_IsActive: 1
--- !u!4 &179752203
Transform:
  m_ObjectHideFlags: 0
  m_PrefabParentObject: {fileID: 481886, guid: 282acde1ec2fce44ab4d78f7b5a28add, type: 2}
  m_PrefabInternal: {fileID: 2116871286}
  m_GameObject: {fileID: 179752202}
  m_LocalRotation: {x: 0.11156538, y: 0, z: 0, w: 0.9937571}
  m_LocalPosition: {x: 2, y: 0, z: 0}
  m_LocalScale: {x: 1, y: 1, z: 1}
  m_Children:
  - {fileID: 848172789}
  m_Father: {fileID: 792531581}
  m_RootOrder: 0
  m_LocalEulerAnglesHint: {x: 12.8111, y: 0, z: 0}
--- !u!108 &179752204
Light:
  m_ObjectHideFlags: 0
  m_PrefabParentObject: {fileID: 10807342, guid: 282acde1ec2fce44ab4d78f7b5a28add,
    type: 2}
  m_PrefabInternal: {fileID: 2116871286}
  m_GameObject: {fileID: 179752202}
  m_Enabled: 1
  serializedVersion: 7
  m_Type: 2
  m_Color: {r: 1, g: 1, b: 1, a: 1}
  m_Intensity: 1
  m_Range: 20
  m_SpotAngle: 30
  m_CookieSize: 10
  m_Shadows:
    m_Type: 2
    m_Resolution: -1
    m_CustomResolution: -1
    m_Strength: 1
    m_Bias: 0.05
    m_NormalBias: 0.4
    m_NearPlane: 0.2
  m_Cookie: {fileID: 0}
  m_DrawHalo: 0
  m_Flare: {fileID: 0}
  m_RenderMode: 0
  m_CullingMask:
    serializedVersion: 2
    m_Bits: 4294967295
  m_Lightmapping: 4
  m_AreaSize: {x: 1, y: 1}
  m_BounceIntensity: 0
  m_ShadowRadius: 0
  m_ShadowAngle: 0
--- !u!1 &287910619
GameObject:
  m_ObjectHideFlags: 0
  m_PrefabParentObject: {fileID: 127044, guid: 282acde1ec2fce44ab4d78f7b5a28add, type: 2}
  m_PrefabInternal: {fileID: 2116871286}
  serializedVersion: 5
  m_Component:
  - component: {fileID: 287910620}
  - component: {fileID: 287910621}
  m_Layer: 0
  m_Name: Light1
  m_TagString: Untagged
  m_Icon: {fileID: 0}
  m_NavMeshLayer: 0
  m_StaticEditorFlags: 0
  m_IsActive: 1
--- !u!4 &287910620
Transform:
  m_ObjectHideFlags: 0
  m_PrefabParentObject: {fileID: 426884, guid: 282acde1ec2fce44ab4d78f7b5a28add, type: 2}
  m_PrefabInternal: {fileID: 2116871286}
  m_GameObject: {fileID: 287910619}
  m_LocalRotation: {x: 0, y: 0, z: 0, w: 1}
  m_LocalPosition: {x: 0, y: 2.5, z: 0}
  m_LocalScale: {x: 1, y: 1, z: 1}
  m_Children:
  - {fileID: 1185701953}
  m_Father: {fileID: 709966517}
  m_RootOrder: 5
  m_LocalEulerAnglesHint: {x: 0, y: 0, z: 0}
--- !u!114 &287910621
MonoBehaviour:
  m_ObjectHideFlags: 0
  m_PrefabParentObject: {fileID: 11486784, guid: 282acde1ec2fce44ab4d78f7b5a28add,
    type: 2}
  m_PrefabInternal: {fileID: 2116871286}
  m_GameObject: {fileID: 287910619}
  m_Enabled: 1
  m_EditorHideFlags: 0
  m_Script: {fileID: 11500000, guid: 9d4f0ece35971814e941583e57a6efd5, type: 3}
  m_Name: 
  m_EditorClassIdentifier: 
--- !u!1 &709966512
GameObject:
  m_ObjectHideFlags: 0
  m_PrefabParentObject: {fileID: 153532, guid: 282acde1ec2fce44ab4d78f7b5a28add, type: 2}
  m_PrefabInternal: {fileID: 2116871286}
  serializedVersion: 5
  m_Component:
  - component: {fileID: 709966517}
  - component: {fileID: 709966516}
  - component: {fileID: 709966515}
  - component: {fileID: 709966514}
  - component: {fileID: 709966513}
  m_Layer: 0
  m_Name: Plane
  m_TagString: Untagged
  m_Icon: {fileID: 0}
  m_NavMeshLayer: 0
  m_StaticEditorFlags: 0
  m_IsActive: 1
--- !u!114 &709966513
MonoBehaviour:
  m_ObjectHideFlags: 0
  m_PrefabParentObject: {fileID: 11483142, guid: 282acde1ec2fce44ab4d78f7b5a28add,
    type: 2}
  m_PrefabInternal: {fileID: 2116871286}
  m_GameObject: {fileID: 709966512}
  m_Enabled: 1
  m_EditorHideFlags: 0
  m_Script: {fileID: 11500000, guid: 739ad95f346191c48867f5dc38d7bb04, type: 3}
  m_Name: 
  m_EditorClassIdentifier: 
--- !u!23 &709966514
MeshRenderer:
  m_ObjectHideFlags: 0
  m_PrefabParentObject: {fileID: 2325102, guid: 282acde1ec2fce44ab4d78f7b5a28add,
    type: 2}
  m_PrefabInternal: {fileID: 2116871286}
  m_GameObject: {fileID: 709966512}
  m_Enabled: 1
  m_CastShadows: 1
  m_ReceiveShadows: 1
  m_MotionVectors: 1
  m_LightProbeUsage: 1
  m_ReflectionProbeUsage: 1
  m_Materials:
  - {fileID: 2100000, guid: c3b772572fdf3af409bc4df0b702e847, type: 2}
  m_StaticBatchInfo:
    firstSubMesh: 0
    subMeshCount: 0
  m_StaticBatchRoot: {fileID: 0}
  m_ProbeAnchor: {fileID: 0}
  m_LightProbeVolumeOverride: {fileID: 0}
  m_ScaleInLightmap: 1
  m_PreserveUVs: 1
  m_IgnoreNormalsForChartDetection: 0
  m_ImportantGI: 0
  m_SelectedEditorRenderState: 3
  m_MinimumChartSize: 4
  m_AutoUVMaxDistance: 0.5
  m_AutoUVMaxAngle: 89
  m_LightmapParameters: {fileID: 0}
  m_SortingLayerID: 0
  m_SortingOrder: 0
--- !u!64 &709966515
MeshCollider:
  m_ObjectHideFlags: 0
  m_PrefabParentObject: {fileID: 6447784, guid: 282acde1ec2fce44ab4d78f7b5a28add,
    type: 2}
  m_PrefabInternal: {fileID: 2116871286}
  m_GameObject: {fileID: 709966512}
  m_Material: {fileID: 0}
  m_IsTrigger: 0
  m_Enabled: 1
  serializedVersion: 2
  m_Convex: 0
  m_InflateMesh: 0
  m_SkinWidth: 0.01
  m_Mesh: {fileID: 10209, guid: 0000000000000000e000000000000000, type: 0}
--- !u!33 &709966516
MeshFilter:
  m_ObjectHideFlags: 0
  m_PrefabParentObject: {fileID: 3395864, guid: 282acde1ec2fce44ab4d78f7b5a28add,
    type: 2}
  m_PrefabInternal: {fileID: 2116871286}
  m_GameObject: {fileID: 709966512}
  m_Mesh: {fileID: 10209, guid: 0000000000000000e000000000000000, type: 0}
--- !u!4 &709966517
Transform:
  m_ObjectHideFlags: 0
  m_PrefabParentObject: {fileID: 465940, guid: 282acde1ec2fce44ab4d78f7b5a28add, type: 2}
  m_PrefabInternal: {fileID: 2116871286}
  m_GameObject: {fileID: 709966512}
  m_LocalRotation: {x: 0, y: 0, z: 0, w: 1}
  m_LocalPosition: {x: 0, y: 0, z: 0}
  m_LocalScale: {x: 1, y: 1, z: 1}
  m_Children:
  - {fileID: 1315570583}
  - {fileID: 159600169}
  - {fileID: 895556372}
  - {fileID: 1998228147}
  - {fileID: 792531581}
  - {fileID: 287910620}
  m_Father: {fileID: 0}
  m_RootOrder: 1
  m_LocalEulerAnglesHint: {x: 0, y: 0, z: 0}
--- !u!1 &792531580
GameObject:
  m_ObjectHideFlags: 0
  m_PrefabParentObject: {fileID: 150356, guid: 282acde1ec2fce44ab4d78f7b5a28add, type: 2}
  m_PrefabInternal: {fileID: 2116871286}
  serializedVersion: 5
  m_Component:
  - component: {fileID: 792531581}
  - component: {fileID: 792531582}
  m_Layer: 0
  m_Name: Light0
  m_TagString: Untagged
  m_Icon: {fileID: 0}
  m_NavMeshLayer: 0
  m_StaticEditorFlags: 0
  m_IsActive: 1
--- !u!4 &792531581
Transform:
  m_ObjectHideFlags: 0
  m_PrefabParentObject: {fileID: 421946, guid: 282acde1ec2fce44ab4d78f7b5a28add, type: 2}
  m_PrefabInternal: {fileID: 2116871286}
  m_GameObject: {fileID: 792531580}
  m_LocalRotation: {x: 0, y: 0, z: 0, w: 1}
  m_LocalPosition: {x: 0, y: 2.5, z: 0}
  m_LocalScale: {x: 1, y: 1, z: 1}
  m_Children:
  - {fileID: 179752203}
  m_Father: {fileID: 709966517}
  m_RootOrder: 4
  m_LocalEulerAnglesHint: {x: 0, y: 0, z: 0}
--- !u!114 &792531582
MonoBehaviour:
  m_ObjectHideFlags: 0
  m_PrefabParentObject: {fileID: 11472416, guid: 282acde1ec2fce44ab4d78f7b5a28add,
    type: 2}
  m_PrefabInternal: {fileID: 2116871286}
  m_GameObject: {fileID: 792531580}
  m_Enabled: 1
  m_EditorHideFlags: 0
  m_Script: {fileID: 11500000, guid: 9d4f0ece35971814e941583e57a6efd5, type: 3}
  m_Name: 
  m_EditorClassIdentifier: 
--- !u!1 &848172788
GameObject:
  m_ObjectHideFlags: 0
  m_PrefabParentObject: {fileID: 194768, guid: 282acde1ec2fce44ab4d78f7b5a28add, type: 2}
  m_PrefabInternal: {fileID: 2116871286}
  serializedVersion: 5
  m_Component:
  - component: {fileID: 848172789}
  - component: {fileID: 848172792}
  - component: {fileID: 848172791}
  - component: {fileID: 848172790}
  m_Layer: 0
  m_Name: Sphere
  m_TagString: Untagged
  m_Icon: {fileID: 0}
  m_NavMeshLayer: 0
  m_StaticEditorFlags: 0
  m_IsActive: 1
--- !u!4 &848172789
Transform:
  m_ObjectHideFlags: 0
  m_PrefabParentObject: {fileID: 472546, guid: 282acde1ec2fce44ab4d78f7b5a28add, type: 2}
  m_PrefabInternal: {fileID: 2116871286}
  m_GameObject: {fileID: 848172788}
  m_LocalRotation: {x: 0, y: 0, z: 0, w: 1}
  m_LocalPosition: {x: 0, y: 0, z: 0}
  m_LocalScale: {x: 0.2, y: 0.2, z: 0.2}
  m_Children: []
  m_Father: {fileID: 179752203}
  m_RootOrder: 0
  m_LocalEulerAnglesHint: {x: 0, y: 0, z: 0}
--- !u!23 &848172790
MeshRenderer:
  m_ObjectHideFlags: 0
  m_PrefabParentObject: {fileID: 2368882, guid: 282acde1ec2fce44ab4d78f7b5a28add,
    type: 2}
  m_PrefabInternal: {fileID: 2116871286}
  m_GameObject: {fileID: 848172788}
  m_Enabled: 1
  m_CastShadows: 1
  m_ReceiveShadows: 1
  m_MotionVectors: 1
  m_LightProbeUsage: 1
  m_ReflectionProbeUsage: 1
  m_Materials:
  - {fileID: 2100000, guid: 792c4ec6bd2ed664bae355e680c11bdc, type: 2}
  m_StaticBatchInfo:
    firstSubMesh: 0
    subMeshCount: 0
  m_StaticBatchRoot: {fileID: 0}
  m_ProbeAnchor: {fileID: 0}
  m_LightProbeVolumeOverride: {fileID: 0}
  m_ScaleInLightmap: 1
  m_PreserveUVs: 1
  m_IgnoreNormalsForChartDetection: 0
  m_ImportantGI: 0
  m_SelectedEditorRenderState: 3
  m_MinimumChartSize: 4
  m_AutoUVMaxDistance: 0.5
  m_AutoUVMaxAngle: 89
  m_LightmapParameters: {fileID: 0}
  m_SortingLayerID: 0
  m_SortingOrder: 0
--- !u!135 &848172791
SphereCollider:
  m_ObjectHideFlags: 0
  m_PrefabParentObject: {fileID: 13570302, guid: 282acde1ec2fce44ab4d78f7b5a28add,
    type: 2}
  m_PrefabInternal: {fileID: 2116871286}
  m_GameObject: {fileID: 848172788}
  m_Material: {fileID: 0}
  m_IsTrigger: 0
  m_Enabled: 1
  serializedVersion: 2
  m_Radius: 0.5
  m_Center: {x: 0, y: 0, z: 0}
--- !u!33 &848172792
MeshFilter:
  m_ObjectHideFlags: 0
  m_PrefabParentObject: {fileID: 3321982, guid: 282acde1ec2fce44ab4d78f7b5a28add,
    type: 2}
  m_PrefabInternal: {fileID: 2116871286}
  m_GameObject: {fileID: 848172788}
  m_Mesh: {fileID: 10207, guid: 0000000000000000e000000000000000, type: 0}
--- !u!1 &895556371
GameObject:
  m_ObjectHideFlags: 0
  m_PrefabParentObject: {fileID: 178256, guid: 282acde1ec2fce44ab4d78f7b5a28add, type: 2}
  m_PrefabInternal: {fileID: 2116871286}
  serializedVersion: 5
  m_Component:
  - component: {fileID: 895556372}
  - component: {fileID: 895556375}
  - component: {fileID: 895556374}
  - component: {fileID: 895556373}
  m_Layer: 0
  m_Name: Cube2
  m_TagString: Untagged
  m_Icon: {fileID: 0}
  m_NavMeshLayer: 0
  m_StaticEditorFlags: 0
  m_IsActive: 1
--- !u!4 &895556372
Transform:
  m_ObjectHideFlags: 0
  m_PrefabParentObject: {fileID: 411230, guid: 282acde1ec2fce44ab4d78f7b5a28add, type: 2}
  m_PrefabInternal: {fileID: 2116871286}
  m_GameObject: {fileID: 895556371}
  m_LocalRotation: {x: 0, y: -0.077878885, z: 0, w: 0.99696285}
  m_LocalPosition: {x: 0, y: 4.16, z: 0}
  m_LocalScale: {x: 1.5, y: 1.5, z: 1.5}
  m_Children: []
  m_Father: {fileID: 709966517}
  m_RootOrder: 2
  m_LocalEulerAnglesHint: {x: 0, y: -8.9333, z: 0}
--- !u!23 &895556373
MeshRenderer:
  m_ObjectHideFlags: 0
  m_PrefabParentObject: {fileID: 2332454, guid: 282acde1ec2fce44ab4d78f7b5a28add,
    type: 2}
  m_PrefabInternal: {fileID: 2116871286}
  m_GameObject: {fileID: 895556371}
  m_Enabled: 1
  m_CastShadows: 1
  m_ReceiveShadows: 1
  m_MotionVectors: 1
  m_LightProbeUsage: 1
  m_ReflectionProbeUsage: 1
  m_Materials:
  - {fileID: 2100000, guid: debe6ad1fd16bad409b424c2b1e46c5f, type: 2}
  m_StaticBatchInfo:
    firstSubMesh: 0
    subMeshCount: 0
  m_StaticBatchRoot: {fileID: 0}
  m_ProbeAnchor: {fileID: 0}
  m_LightProbeVolumeOverride: {fileID: 0}
  m_ScaleInLightmap: 1
  m_PreserveUVs: 1
  m_IgnoreNormalsForChartDetection: 0
  m_ImportantGI: 0
  m_SelectedEditorRenderState: 3
  m_MinimumChartSize: 4
  m_AutoUVMaxDistance: 0.5
  m_AutoUVMaxAngle: 89
  m_LightmapParameters: {fileID: 0}
  m_SortingLayerID: 0
  m_SortingOrder: 0
--- !u!65 &895556374
BoxCollider:
  m_ObjectHideFlags: 0
  m_PrefabParentObject: {fileID: 6545080, guid: 282acde1ec2fce44ab4d78f7b5a28add,
    type: 2}
  m_PrefabInternal: {fileID: 2116871286}
  m_GameObject: {fileID: 895556371}
  m_Material: {fileID: 0}
  m_IsTrigger: 0
  m_Enabled: 1
  serializedVersion: 2
  m_Size: {x: 1, y: 1, z: 1}
  m_Center: {x: 0, y: 0, z: 0}
--- !u!33 &895556375
MeshFilter:
  m_ObjectHideFlags: 0
  m_PrefabParentObject: {fileID: 3355400, guid: 282acde1ec2fce44ab4d78f7b5a28add,
    type: 2}
  m_PrefabInternal: {fileID: 2116871286}
  m_GameObject: {fileID: 895556371}
  m_Mesh: {fileID: 10202, guid: 0000000000000000e000000000000000, type: 0}
--- !u!1 &1185701952
GameObject:
  m_ObjectHideFlags: 0
  m_PrefabParentObject: {fileID: 146574, guid: 282acde1ec2fce44ab4d78f7b5a28add, type: 2}
  m_PrefabInternal: {fileID: 2116871286}
  serializedVersion: 5
  m_Component:
  - component: {fileID: 1185701953}
  - component: {fileID: 1185701954}
  m_Layer: 0
  m_Name: PointLight1
  m_TagString: Untagged
  m_Icon: {fileID: 0}
  m_NavMeshLayer: 0
  m_StaticEditorFlags: 0
  m_IsActive: 1
--- !u!4 &1185701953
Transform:
  m_ObjectHideFlags: 0
  m_PrefabParentObject: {fileID: 405882, guid: 282acde1ec2fce44ab4d78f7b5a28add, type: 2}
  m_PrefabInternal: {fileID: 2116871286}
  m_GameObject: {fileID: 1185701952}
  m_LocalRotation: {x: 0, y: 0, z: 0, w: 1}
  m_LocalPosition: {x: -2, y: 0, z: 0}
  m_LocalScale: {x: 1, y: 1, z: 1}
  m_Children:
  - {fileID: 1190120947}
  m_Father: {fileID: 287910620}
  m_RootOrder: 0
  m_LocalEulerAnglesHint: {x: 0, y: 0, z: 0}
--- !u!108 &1185701954
Light:
  m_ObjectHideFlags: 0
  m_PrefabParentObject: {fileID: 10824778, guid: 282acde1ec2fce44ab4d78f7b5a28add,
    type: 2}
  m_PrefabInternal: {fileID: 2116871286}
  m_GameObject: {fileID: 1185701952}
  m_Enabled: 1
  serializedVersion: 7
  m_Type: 2
  m_Color: {r: 1, g: 1, b: 1, a: 1}
  m_Intensity: 1
  m_Range: 10
  m_SpotAngle: 30
  m_CookieSize: 10
  m_Shadows:
    m_Type: 2
    m_Resolution: -1
    m_CustomResolution: -1
    m_Strength: 1
    m_Bias: 0.05
    m_NormalBias: 0.4
    m_NearPlane: 0.2
  m_Cookie: {fileID: 0}
  m_DrawHalo: 0
  m_Flare: {fileID: 0}
  m_RenderMode: 0
  m_CullingMask:
    serializedVersion: 2
    m_Bits: 4294967295
  m_Lightmapping: 4
  m_AreaSize: {x: 1, y: 1}
  m_BounceIntensity: 0
  m_ShadowRadius: 0
  m_ShadowAngle: 0
--- !u!1 &1190120946
GameObject:
  m_ObjectHideFlags: 0
  m_PrefabParentObject: {fileID: 165604, guid: 282acde1ec2fce44ab4d78f7b5a28add, type: 2}
  m_PrefabInternal: {fileID: 2116871286}
  serializedVersion: 5
  m_Component:
  - component: {fileID: 1190120947}
  - component: {fileID: 1190120950}
  - component: {fileID: 1190120949}
  - component: {fileID: 1190120948}
  m_Layer: 0
  m_Name: Sphere
  m_TagString: Untagged
  m_Icon: {fileID: 0}
  m_NavMeshLayer: 0
  m_StaticEditorFlags: 0
  m_IsActive: 1
--- !u!4 &1190120947
Transform:
  m_ObjectHideFlags: 0
  m_PrefabParentObject: {fileID: 499562, guid: 282acde1ec2fce44ab4d78f7b5a28add, type: 2}
  m_PrefabInternal: {fileID: 2116871286}
  m_GameObject: {fileID: 1190120946}
  m_LocalRotation: {x: 0, y: 0, z: 0, w: 1}
  m_LocalPosition: {x: 0, y: 0, z: 0}
  m_LocalScale: {x: 0.2, y: 0.2, z: 0.2}
  m_Children: []
  m_Father: {fileID: 1185701953}
  m_RootOrder: 0
  m_LocalEulerAnglesHint: {x: 0, y: 0, z: 0}
--- !u!23 &1190120948
MeshRenderer:
  m_ObjectHideFlags: 0
  m_PrefabParentObject: {fileID: 2354300, guid: 282acde1ec2fce44ab4d78f7b5a28add,
    type: 2}
  m_PrefabInternal: {fileID: 2116871286}
  m_GameObject: {fileID: 1190120946}
  m_Enabled: 1
  m_CastShadows: 1
  m_ReceiveShadows: 1
  m_MotionVectors: 1
  m_LightProbeUsage: 1
  m_ReflectionProbeUsage: 1
  m_Materials:
  - {fileID: 2100000, guid: 792c4ec6bd2ed664bae355e680c11bdc, type: 2}
  m_StaticBatchInfo:
    firstSubMesh: 0
    subMeshCount: 0
  m_StaticBatchRoot: {fileID: 0}
  m_ProbeAnchor: {fileID: 0}
  m_LightProbeVolumeOverride: {fileID: 0}
  m_ScaleInLightmap: 1
  m_PreserveUVs: 1
  m_IgnoreNormalsForChartDetection: 0
  m_ImportantGI: 0
  m_SelectedEditorRenderState: 3
  m_MinimumChartSize: 4
  m_AutoUVMaxDistance: 0.5
  m_AutoUVMaxAngle: 89
  m_LightmapParameters: {fileID: 0}
  m_SortingLayerID: 0
  m_SortingOrder: 0
--- !u!135 &1190120949
SphereCollider:
  m_ObjectHideFlags: 0
  m_PrefabParentObject: {fileID: 13516764, guid: 282acde1ec2fce44ab4d78f7b5a28add,
    type: 2}
  m_PrefabInternal: {fileID: 2116871286}
  m_GameObject: {fileID: 1190120946}
  m_Material: {fileID: 0}
  m_IsTrigger: 0
  m_Enabled: 1
  serializedVersion: 2
  m_Radius: 0.5
  m_Center: {x: 0, y: 0, z: 0}
--- !u!33 &1190120950
MeshFilter:
  m_ObjectHideFlags: 0
  m_PrefabParentObject: {fileID: 3304736, guid: 282acde1ec2fce44ab4d78f7b5a28add,
    type: 2}
  m_PrefabInternal: {fileID: 2116871286}
  m_GameObject: {fileID: 1190120946}
  m_Mesh: {fileID: 10207, guid: 0000000000000000e000000000000000, type: 0}
--- !u!1 &1263509107
GameObject:
  m_ObjectHideFlags: 0
  m_PrefabParentObject: {fileID: 0}
  m_PrefabInternal: {fileID: 0}
  serializedVersion: 5
  m_Component:
  - component: {fileID: 1263509112}
  - component: {fileID: 1263509111}
  - component: {fileID: 1263509110}
  - component: {fileID: 1263509109}
  - component: {fileID: 1263509108}
  - component: {fileID: 1263509113}
  m_Layer: 0
  m_Name: Main Camera
  m_TagString: MainCamera
  m_Icon: {fileID: 0}
  m_NavMeshLayer: 0
  m_StaticEditorFlags: 0
  m_IsActive: 1
--- !u!81 &1263509108
AudioListener:
  m_ObjectHideFlags: 0
  m_PrefabParentObject: {fileID: 0}
  m_PrefabInternal: {fileID: 0}
  m_GameObject: {fileID: 1263509107}
  m_Enabled: 0
--- !u!124 &1263509109
Behaviour:
  m_ObjectHideFlags: 0
  m_PrefabParentObject: {fileID: 0}
  m_PrefabInternal: {fileID: 0}
  m_GameObject: {fileID: 1263509107}
  m_Enabled: 0
--- !u!92 &1263509110
Behaviour:
  m_ObjectHideFlags: 0
  m_PrefabParentObject: {fileID: 0}
  m_PrefabInternal: {fileID: 0}
  m_GameObject: {fileID: 1263509107}
  m_Enabled: 0
--- !u!20 &1263509111
Camera:
  m_ObjectHideFlags: 0
  m_PrefabParentObject: {fileID: 0}
  m_PrefabInternal: {fileID: 0}
  m_GameObject: {fileID: 1263509107}
  m_Enabled: 1
  serializedVersion: 2
  m_ClearFlags: 2
  m_BackGroundColor: {r: 0, g: 0, b: 0, a: 0.019607844}
  m_NormalizedViewPortRect:
    serializedVersion: 2
    x: 0
    y: 0
    width: 1
    height: 1
  near clip plane: 0.3
  far clip plane: 1000
  field of view: 50
  orthographic: 0
  orthographic size: 5
  m_Depth: -1
  m_CullingMask:
    serializedVersion: 2
    m_Bits: 4294967295
  m_RenderingPath: -1
  m_TargetTexture: {fileID: 0}
  m_TargetDisplay: 0
  m_TargetEye: 3
  m_HDR: 0
  m_OcclusionCulling: 1
  m_StereoConvergence: 10
  m_StereoSeparation: 0.022
  m_StereoMirrorMode: 0
--- !u!4 &1263509112
Transform:
  m_ObjectHideFlags: 0
  m_PrefabParentObject: {fileID: 0}
  m_PrefabInternal: {fileID: 0}
  m_GameObject: {fileID: 1263509107}
  m_LocalRotation: {x: 0, y: -0.38268346, z: 0, w: 0.9238795}
  m_LocalPosition: {x: 6, y: 2, z: -6}
  m_LocalScale: {x: 1, y: 1, z: 1}
  m_Children: []
  m_Father: {fileID: 0}
  m_RootOrder: 0
  m_LocalEulerAnglesHint: {x: 0, y: -45, z: 0}
--- !u!114 &1263509113
MonoBehaviour:
  m_ObjectHideFlags: 0
  m_PrefabParentObject: {fileID: 0}
  m_PrefabInternal: {fileID: 0}
  m_GameObject: {fileID: 1263509107}
  m_Enabled: 1
  m_EditorHideFlags: 0
  m_Script: {fileID: 11500000, guid: 42cd8dcae69d178488f5efa28e7c7e78, type: 3}
  m_Name: 
  m_EditorClassIdentifier: 
  shader: {fileID: 4800000, guid: 95703b29f49b899499233ea7308bb800, type: 3}
  BlockCount: 128
--- !u!1 &1315570582
GameObject:
  m_ObjectHideFlags: 0
  m_PrefabParentObject: {fileID: 188156, guid: 282acde1ec2fce44ab4d78f7b5a28add, type: 2}
  m_PrefabInternal: {fileID: 2116871286}
  serializedVersion: 5
  m_Component:
  - component: {fileID: 1315570583}
  - component: {fileID: 1315570586}
  - component: {fileID: 1315570585}
  - component: {fileID: 1315570584}
  m_Layer: 0
  m_Name: Cube0
  m_TagString: Untagged
  m_Icon: {fileID: 0}
  m_NavMeshLayer: 0
  m_StaticEditorFlags: 0
  m_IsActive: 1
--- !u!4 &1315570583
Transform:
  m_ObjectHideFlags: 0
  m_PrefabParentObject: {fileID: 400456, guid: 282acde1ec2fce44ab4d78f7b5a28add, type: 2}
  m_PrefabInternal: {fileID: 2116871286}
  m_GameObject: {fileID: 1315570582}
  m_LocalRotation: {x: 0, y: 0, z: 0, w: 1}
  m_LocalPosition: {x: 0, y: 1.01, z: 0}
  m_LocalScale: {x: 1.5, y: 1.5, z: 1.5}
  m_Children: []
  m_Father: {fileID: 709966517}
  m_RootOrder: 0
  m_LocalEulerAnglesHint: {x: 0, y: 0, z: 0}
--- !u!23 &1315570584
MeshRenderer:
  m_ObjectHideFlags: 0
  m_PrefabParentObject: {fileID: 2336912, guid: 282acde1ec2fce44ab4d78f7b5a28add,
    type: 2}
  m_PrefabInternal: {fileID: 2116871286}
  m_GameObject: {fileID: 1315570582}
  m_Enabled: 1
  m_CastShadows: 1
  m_ReceiveShadows: 1
  m_MotionVectors: 1
  m_LightProbeUsage: 1
  m_ReflectionProbeUsage: 1
  m_Materials:
  - {fileID: 2100000, guid: eb5f236ff5c587a459cc5c8b3ae142f1, type: 2}
  m_StaticBatchInfo:
    firstSubMesh: 0
    subMeshCount: 0
  m_StaticBatchRoot: {fileID: 0}
  m_ProbeAnchor: {fileID: 0}
  m_LightProbeVolumeOverride: {fileID: 0}
  m_ScaleInLightmap: 1
  m_PreserveUVs: 1
  m_IgnoreNormalsForChartDetection: 0
  m_ImportantGI: 0
  m_SelectedEditorRenderState: 3
  m_MinimumChartSize: 4
  m_AutoUVMaxDistance: 0.5
  m_AutoUVMaxAngle: 89
  m_LightmapParameters: {fileID: 0}
  m_SortingLayerID: 0
  m_SortingOrder: 0
--- !u!65 &1315570585
BoxCollider:
  m_ObjectHideFlags: 0
  m_PrefabParentObject: {fileID: 6563790, guid: 282acde1ec2fce44ab4d78f7b5a28add,
    type: 2}
  m_PrefabInternal: {fileID: 2116871286}
  m_GameObject: {fileID: 1315570582}
  m_Material: {fileID: 0}
  m_IsTrigger: 0
  m_Enabled: 1
  serializedVersion: 2
  m_Size: {x: 1, y: 1, z: 1}
  m_Center: {x: 0, y: 0, z: 0}
--- !u!33 &1315570586
MeshFilter:
  m_ObjectHideFlags: 0
  m_PrefabParentObject: {fileID: 3351136, guid: 282acde1ec2fce44ab4d78f7b5a28add,
    type: 2}
  m_PrefabInternal: {fileID: 2116871286}
  m_GameObject: {fileID: 1315570582}
  m_Mesh: {fileID: 10202, guid: 0000000000000000e000000000000000, type: 0}
--- !u!1 &1998228146
GameObject:
  m_ObjectHideFlags: 0
  m_PrefabParentObject: {fileID: 130004, guid: 282acde1ec2fce44ab4d78f7b5a28add, type: 2}
  m_PrefabInternal: {fileID: 2116871286}
  serializedVersion: 5
  m_Component:
  - component: {fileID: 1998228147}
  - component: {fileID: 1998228150}
  - component: {fileID: 1998228149}
  - component: {fileID: 1998228148}
  m_Layer: 0
  m_Name: Sphere
  m_TagString: Untagged
  m_Icon: {fileID: 0}
  m_NavMeshLayer: 0
  m_StaticEditorFlags: 0
  m_IsActive: 1
--- !u!4 &1998228147
Transform:
  m_ObjectHideFlags: 0
  m_PrefabParentObject: {fileID: 406910, guid: 282acde1ec2fce44ab4d78f7b5a28add, type: 2}
  m_PrefabInternal: {fileID: 2116871286}
  m_GameObject: {fileID: 1998228146}
  m_LocalRotation: {x: 0, y: 0, z: 0, w: 1}
  m_LocalPosition: {x: 2.2, y: 0.8, z: 2.2}
  m_LocalScale: {x: 1, y: 1, z: 1}
  m_Children: []
  m_Father: {fileID: 709966517}
  m_RootOrder: 3
  m_LocalEulerAnglesHint: {x: 0, y: 0, z: 0}
--- !u!23 &1998228148
MeshRenderer:
  m_ObjectHideFlags: 0
  m_PrefabParentObject: {fileID: 2395588, guid: 282acde1ec2fce44ab4d78f7b5a28add,
    type: 2}
  m_PrefabInternal: {fileID: 2116871286}
  m_GameObject: {fileID: 1998228146}
  m_Enabled: 1
  m_CastShadows: 1
  m_ReceiveShadows: 1
  m_MotionVectors: 1
  m_LightProbeUsage: 1
  m_ReflectionProbeUsage: 1
  m_Materials:
  - {fileID: 2100000, guid: 5ea5bdbe591ea6945b9188cd0da0c5a9, type: 2}
  m_StaticBatchInfo:
    firstSubMesh: 0
    subMeshCount: 0
  m_StaticBatchRoot: {fileID: 0}
  m_ProbeAnchor: {fileID: 0}
  m_LightProbeVolumeOverride: {fileID: 0}
  m_ScaleInLightmap: 1
  m_PreserveUVs: 1
  m_IgnoreNormalsForChartDetection: 0
  m_ImportantGI: 0
  m_SelectedEditorRenderState: 3
  m_MinimumChartSize: 4
  m_AutoUVMaxDistance: 0.5
  m_AutoUVMaxAngle: 89
  m_LightmapParameters: {fileID: 0}
  m_SortingLayerID: 0
  m_SortingOrder: 0
--- !u!135 &1998228149
SphereCollider:
  m_ObjectHideFlags: 0
  m_PrefabParentObject: {fileID: 13589104, guid: 282acde1ec2fce44ab4d78f7b5a28add,
    type: 2}
  m_PrefabInternal: {fileID: 2116871286}
  m_GameObject: {fileID: 1998228146}
  m_Material: {fileID: 0}
  m_IsTrigger: 0
  m_Enabled: 1
  serializedVersion: 2
  m_Radius: 0.5
  m_Center: {x: 0, y: 0, z: 0}
--- !u!33 &1998228150
MeshFilter:
  m_ObjectHideFlags: 0
  m_PrefabParentObject: {fileID: 3328720, guid: 282acde1ec2fce44ab4d78f7b5a28add,
    type: 2}
  m_PrefabInternal: {fileID: 2116871286}
  m_GameObject: {fileID: 1998228146}
  m_Mesh: {fileID: 10207, guid: 0000000000000000e000000000000000, type: 0}
--- !u!1001 &2116871286
Prefab:
  m_ObjectHideFlags: 0
  serializedVersion: 2
  m_Modification:
    m_TransformParent: {fileID: 0}
    m_Modifications:
    - target: {fileID: 465940, guid: 282acde1ec2fce44ab4d78f7b5a28add, type: 2}
      propertyPath: m_LocalPosition.x
      value: 0
      objectReference: {fileID: 0}
    - target: {fileID: 465940, guid: 282acde1ec2fce44ab4d78f7b5a28add, type: 2}
      propertyPath: m_LocalPosition.y
      value: 0
      objectReference: {fileID: 0}
    - target: {fileID: 465940, guid: 282acde1ec2fce44ab4d78f7b5a28add, type: 2}
      propertyPath: m_LocalPosition.z
      value: 0
      objectReference: {fileID: 0}
    - target: {fileID: 465940, guid: 282acde1ec2fce44ab4d78f7b5a28add, type: 2}
      propertyPath: m_LocalRotation.x
      value: 0
      objectReference: {fileID: 0}
    - target: {fileID: 465940, guid: 282acde1ec2fce44ab4d78f7b5a28add, type: 2}
      propertyPath: m_LocalRotation.y
      value: 0
      objectReference: {fileID: 0}
    - target: {fileID: 465940, guid: 282acde1ec2fce44ab4d78f7b5a28add, type: 2}
      propertyPath: m_LocalRotation.z
      value: 0
      objectReference: {fileID: 0}
    - target: {fileID: 465940, guid: 282acde1ec2fce44ab4d78f7b5a28add, type: 2}
      propertyPath: m_LocalRotation.w
      value: 1
      objectReference: {fileID: 0}
    - target: {fileID: 465940, guid: 282acde1ec2fce44ab4d78f7b5a28add, type: 2}
      propertyPath: m_RootOrder
      value: 2
      objectReference: {fileID: 0}
    m_RemovedComponents: []
  m_ParentPrefab: {fileID: 100100000, guid: 282acde1ec2fce44ab4d78f7b5a28add, type: 2}
  m_RootGameObject: {fileID: 709966512}
  m_IsPrefabParent: 0
